Map: Astillero orbital

Players

xXkazperXx - Winner!

  • Race: Zerg Zerg
  • League: Bronze

RANURA DE IA (Muy fácil)

  • Race: Terran Terran

VOD

Have the link to the VOD?

Description

Time

  • Played on: April 2, 2016, 11:33 p.m.
  • Length: 5:26
Show
View Real Time Build Order
Export as new Build Order

xXkazperXx Zerg - Winner!

Build Orders: Pool First 

Get SALT Encoding   

  12  0:05  Drone  
  13  0:14  Overlord  
  13  0:17  Drone  
  14  0:29  Extractor, Drone  
  14  0:32  Drone  
  15  0:47  Spawning Pool  
  15  0:48  Drone  
  15  0:58  Drone  
  16  1:08  Overlord  
  16  1:12  Drone  
  17  1:24  Drone  
  18  1:40  Zergling x2  
  19  1:49  Queen  
  21  2:01  Drone x2  
  22  2:02  Hatchery  
  22  2:17  Extractor  
  22  2:19  Zergling x4  
  23  2:26  Metabolic Boost  
  23  2:28  Lair  
  23  2:33  Drone  
  23  3:02  Drone x3  
  23  3:03  Drone x3  
  29  3:14  Overlord  
  29  3:23  Pneumatized Carapace  
  29  3:29  Roach Warren  
  28  3:36  Hydralisk Den  
  27  3:45  Zergling x8  
  27  3:46  Zergling x4  
  33  3:53  Drone x3  
  36  4:19  Hydralisk x3  
  42  4:28  Overlord, Drone  
  43  4:40  Infestation Pit  
  43  4:42  Evolution Chamber  
Show
View Real Time Build Order
Export as new Build Order

RANURA DE IA (Muy fácil) Terran 

Build Orders:  

Get SALT Encoding   

  12  0:00  SCV  
  13  0:13  SCV  
  14  0:19  Supply Depot  
  14  0:37  Refinery  
  14  0:47  Barracks  
  14  1:04  Supply Depot  
  14  1:12  Refinery  
  14  1:28  SCV  
  15  1:33  Marine  
  16  1:41  SCV  
  17  1:53  SCV  
  18  2:05  SCV  
  19  2:10  Marine  
  20  2:17  SCV  
  21  2:29  SCV  
  22  2:42  Orbital Command  
  22  2:47  Marine  
  23  4:50  Marine  
  21  5:03  SCV  
Tags
 
Add a new tag
Caveats
  • Supply blocks, unpowered buildings, or Contaminate may cause inaccurate times.
  • Supply counts are checked every 10 seconds.